[Event "Late-Titled-Tuesday-Blitz-February-27-2024"]
[Site "Chess.com"]
[Date "2024.02.27"]
[Round "1"]
[White "FabianoCaruana"]
[Black "NLLO777"]
[Result "1-0"]
[WhiteElo "3058"]
[BlackElo "2516"]
[TimeControl "180+1"]
[EndTime "14:05:57 PST"]
[Termination "FabianoCaruana won by resignation"]

1. b3 Nf6 2. Bb2 e6 3. g3 d5 4. Bg2 Be7 5. e3 O-O 6. Ne2 b6 7. O-O Bb7 8. c4 c5 9. Nbc3 Qd7 10. cxd5 Nxd5 11. Nxd5 Bxd5 12. Bxd5 Qxd5 13. d4 Nc6 14. Nf4 Qe4 15. dxc5 Bxc5 16. Rc1 Rfd8 17. Qe2 Rac8 18. Rc4 Qf5 19. Rfc1 a5 20. a3 Ra8 21. h4 h6 22.
g4 Qh7 23. Qf3 Ne7 24. Nh5 Ng6 25. Bxg7 Be7 26. Bf6 Kf8 27. Rc7 Bxf6 28. Qxf6 Kg8 29. Qxd8+ Rxd8 30. Nf6+ Kg7 31. Nxh7 Kxh7 32. Rxf7+ Kg8 33.
Rf6 Nxh4 34. Rxh6 Nf3+ 35. Kg2 Ne5 36. Rxe6 1-0

[Event "Late-Titled-Tuesday-Blitz-February-27-2024"]
[Site "Chess.com"]
[Date "2024.02.27"]
[Round "1"]
[White "GmSergioBarrientos"]
[Black "picturesquecheck"]
[Result "1/2-1/2"]
[WhiteElo "2715"]
[BlackElo "2422"]
[TimeControl "180+1"]
[EndTime "14:05:58 PST"]
[Termination "Game drawn by repetition"]

1. d4 d5 2. c4 e6 3. Nf3 Nf6 4. g3 dxc4 5. Qa4+ Nbd7 6. Bg2 Bd6 7. O-O a6 8. Qxc4 b5 9. Qc2 Bb7 10. Nbd2 c5 11. e4 cxd4 12. Nxd4 Rc8 13. Qd1 Qb6 14. N4b3 O-O 15. Qe2 e5 16. Rd1 Rfd8 17.
Nf1 Nc5 18. Be3 Be7 19. Rxd8+ Qxd8 20. Rd1 Qf8 21. Nxc5 Bxc5 22. Bg5 Be7 23. Ne3 h6 24. Bxf6 Bxf6 25. Nf5 Rd8 26. Rc1 Bc8 27. Rc6 Bxf5 28. exf5 Rc8 29. Rxa6 b4 30. Bd5 Re8 31. Qe4 Qc5 32.
Kg2 Qd4 33. b3 Rd8 34. Bc6 Qc3 35. Ra7 Rd4 36. Qf3 Rd3 37. Qe4 Rd4 38. Ra8+ Kh7 39. Qf3 Rd3 40. Qe4 Rd4 41. Qf3 Rd3 42. Qe4 Rd4 1/2-1/2

[Event "Late-Titled-Tuesday-Blitz-February-27-2024"]
[Site "Chess.com"]
[Date "2024.02.27"]
[Round "1"]
[White "KuzubovYuriy"]
[Black "EsmeraldasAnderson03"]
[Result "1-0"]
[WhiteElo "2942"]
[BlackElo "2501"]
[TimeControl "180+1"]
[EndTime "14:06:03 PST"]
[Termination "KuzubovYuriy won by resignation"]

1. d4 d5 2. c4 dxc4 3. e4 e5 4. Nf3 exd4 5. Bxc4 Nf6 6. Qb3 Qd7 7. Ne5 Qe7 8. Nxf7 Qb4+ 9. Nd2 Qxb3 10. Bxb3 Rg8 11. Ne5 Rh8 12. O-O Nc6 13. Nxc6 bxc6 14. Nf3 c5 15.
Bc4 Bb7 16. Re1 O-O-O 17. Ng5 Re8 18. f3 Bd6 19. Bd2 h6 20. Nf7 Rhf8 21. e5 Nd5 22. exd6 Rxe1+ 23. Rxe1 Rxf7 24. Re5 c6 25. Ba5 Kd7 26.
Bc7 Nxc7 27. Bxf7 1-0

[Event "Late-Titled-Tuesday-Blitz-February-27-2024"]
[Site "Chess.com"]
[Date "2024.02.27"]
[Round "1"]
[White "tandaleo"]
[Black "dropstoneDP"]
[Result "0-1"]
[WhiteElo "2507"]
[BlackElo "2994"]
[TimeControl "180+1"]
[EndTime "14:06:05 PST"]
[Termination "dropstoneDP won by resignation"]

1. d4 d5 2. Nf3 Nf6 3. e3 c5 4. dxc5 e6 5. b4 a5 6. c3 axb4 7. cxb4 b6 8. Bb5+ Bd7 9. Bxd7+ Nbxd7 10. a4 bxc5 11. b5 Bd6 12. Bb2 O-O 13. O-O Ra7 14. Nbd2 Qa8 15. Nc4 dxc4 16. Qxd6 Rxa4 17. Rxa4 Qxa4 18.
Bxf6 Nxf6 19. Qxc5 Rb8 20. Rb1 Qc2 21. Qb4 Nd5 22.
Qe1 Nc3 23. Ra1 Qb2 24. b6 g6 25. Nd2 Rxb6 26. Nxc4 Qxa1 27. Qxa1 Rb1+ 28. Qxb1 Nxb1 29. Ne5 Nc3 30. Nf3 Kg7 31. Kf1 Kf6 32. g3 e5 33. Kg2 Ne4 34. Ne1 h5 35. Kf3 Nc3 36. Ng2 e4+ 0-1

[Event "Late-Titled-Tuesday-Blitz-February-27-2024"]
[Site "Chess.com"]
[Date "2024.02.27"]
[Round "1"]
[White "delqate"]
[Black "dawid498"]
[Result "0-1"]
[WhiteElo "2404"]
[BlackElo "2708"]
[TimeControl "180+1"]
[EndTime "14:06:05 PST"]
[Termination "dawid498 won by resignation"]

1. e4 c5 2. Nf3 g6 3. c3 Bg7 4.
d4 cxd4 5. cxd4 d5 6. e5 Bg4 7. Nbd2 Nc6 8. h3 Bxf3 9. Nxf3 e6 10. a3 Nge7 11. Be2 O-O 12. O-O Nf5 13. b4 a6 14.
g4 Nfe7 15. Be3 f6 16. exf6 Bxf6 17. Qd2 Qd7 18. Bh6 Bg7 19. Rfe1 Rae8 20. Kg2 Nc8 21. Bf1 Qf7 22. Be2 Bxh6 23. Qxh6 Nxd4 24. Ng5 Qg7 25. Qxg7+ Kxg7 26. Bd3 h6 27. Rac1 hxg5 0-1

[Event "Late-Titled-Tuesday-Blitz-February-27-2024"]
[Site "Chess.com"]
[Date "2024.02.27"]
[Round "1"]
[White "GoValya"]
[Black "ozates"]
[Result "0-1"]
[WhiteElo "2265"]
[BlackElo "2604"]
[TimeControl "180+1"]
[EndTime "14:06:05 PST"]
[Termination "ozates won by resignation"]

1. d4 Nf6 2. Nf3 g6 3. g3 Bg7 4.
Bg2 O-O 5. O-O d6 6. c4 Nc6 7.
Nc3 a6 8. h3 Rb8 9. e4 b5 10.
cxb5 axb5 11. a3 Ba6 12. Re1 b4 13. axb4 Nxb4 14. e5 Nd7 15. e6 fxe6 16. Ng5 Bc4 17. Nxe6 Bxe6 18. Rxe6 c5 19. d5 Ne5 20. Bg5 Rf7 21. Ne4 Nbd3 22. Nxd6 Rxf2 23. Bxe7 Rbxb2 24. Be4 Nf3+ 25. Bxf3 Bd4 26. Bf6 Rg2+ 0-1

[Event "Late-Titled-Tuesday-Blitz-February-27-2024"]
[Site "Chess.com"]
[Date "2024.02.27"]
[Round "1"]
[White "Chessdude1987"]
[Black "TomsKantans"]
[Result "0-1"]
[WhiteElo "2378"]
[BlackElo "2672"]
[TimeControl "180+1"]
[EndTime "14:06:07 PST"]
[Termination "TomsKantans won on time"]

1. e4 c5 2. Nf3 Nf6 3. e5 Nd5 4.
Nc3 e6 5. Nxd5 exd5 6. d4 Nc6 7. dxc5 Bxc5 8. Qxd5 Qb6 9. Bc4 Bxf2+ 10. Kd1 O-O 11. c3 d6 12. exd6 Be6 13. Qd3 Bxc4 14. Qxc4 Rad8 15. Bf4 Qxb2 16. Rc1 Rfe8 17. Rc2 Qb1+ 18. Rc1 Qf5 19. h3 Re4 20. Qf1 Rxf4 21. Qxf2 Rxd6+ 22. Ke1 Ne5 23. Qc5 Nd3+ 0-1

[Event "Late-Titled-Tuesday-Blitz-February-27-2024"]
[Site "Chess.com"]
[Date "2024.02.27"]
[Round "1"]
[White "SEBAZZANO"]
[Black "CrushingKings"]
[Result "0-1"]
[WhiteElo "2304"]
[BlackElo "2621"]
[TimeControl "180+1"]
[EndTime "14:06:07 PST"]
[Termination "CrushingKings won by resignation"]

1. d4 g6 2. e4 Bg7 3. Nc3 c6 4.
Be3 d5 5. e5 f6 6. exf6 Nxf6 7.
Nf3 O-O 8. Be2 Bg4 9. h3 Bxf3 10. Bxf3 Nbd7 11. O-O e5 12. dxe5 Nxe5 13. Bd4 Nxf3+ 14.
Qxf3 Nh5 15. Qg4 Bxd4 16. Qxd4 Nf4 17. Kh2 Qg5 18. g3 Ne6 19. Qg4 Qxg4 20. hxg4 Nd4 21. Rac1 Nf3+ 22. Kg2 Rae8 23. Rcd1 d4 24. Na4 Re2 25. Rd3 Ne1+ 26. Rxe1 Rxe1 27. Rxd4 Re2 28. Rf4 Rxf4 29. gxf4 Rxc2 30. a3 b5 0-1

[Event "Late-Titled-Tuesday-Blitz-February-27-2024"]
[Site "Chess.com"]
[Date "2024.02.27"]
[Round "1"]
[White "Lady_Nika"]
[Black "JiiHart"]
[Result "1-0"]
[WhiteElo "2551"]
[BlackElo "2146"]
[TimeControl "180+1"]
[EndTime "14:06:07 PST"]
[Termination "Lady_Nika won by resignation"]

1. b3 g6 2. Bb2 Nf6 3. e4 d6 4. g3 Bg7 5. Bg2 O-O 6. d3 e5 7. Nd2 Re8 8. Ne2 c6 9. c4 d5 10. O-O dxc4 11. Nxc4 Nh5 12. a4 Na6 13.
Ba3 c5 14. Nc3 Be6 15. Nd5 Bxd5 16. exd5 e4 17. Rc1 exd3 18. Qxd3 Nb4 19. Bxb4 cxb4 20. d6 Qd7 21. Na5 Rad8 22. Nxb7 Bc3 23. Nxd8 Rxd8 24. Rcd1 Ng7 25. Be4 Ne6 26. Qb5 Qxb5 27. axb5 Nd4 28. Kg2 Rxd6 29. Bc6 a6 30. Rd3 axb5 31. Be4 f5 32.
Bb7 Rb6 33. Bf3 Nxb3 34. Bd5+ Kg7 35. Bxb3 1-0

[Event "Late-Titled-Tuesday-Blitz-February-27-2024"]
[Site "Chess.com"]
[Date "2024.02.27"]
[Round "1"]
[White "MiguelEduardoGB"]
[Black "Petukhov_Dmitry"]
[Result "0-1"]
[WhiteElo "2143"]
[BlackElo "2548"]
[TimeControl "180+1"]
[EndTime "14:06:07 PST"]
[Termination "Petukhov_Dmitry won on time"]

1. Nf3 Nf6 2. e3 g6 3. b3 Bg7 4. Bb2 O-O 5. d4 d6 6. Nbd2 c6 7. Be2 Nbd7 8. O-O Re8 9. c4 e5 10. Ne1 e4 11. Qc2 Qe7 12. b4 d5 13. cxd5 cxd5 14. Qb3 Nb6 15. a4 Be6 16. a5 Nc8 17. b5 Nd6 18. Ba3 Qd7 19. Bxd6 Qxd6 20. Nc2 Bg4 21.
Rfe1 Bxe2 22. Rxe2 Ng4 23. Nf1 h5 24. Nb4 Red8 25.
Rc1 Bf8 26. Rb2 Rac8 27. Rxc8 Rxc8 28. Qxd5 Rc1 29. Qxd6 Bxd6 30. g3 Bxb4 31. Rxb4 Rc2 32. d5 Nxf2 33. d6 Kf8 34. d7 Ke7 35. Rd4 Kd8 36. Rd2 Rxd2 0-1

[Event "Late-Titled-Tuesday-Blitz-February-27-2024"]
[Site "Chess.com"]
[Date "2024.02.27"]
[Round "1"]
[White "ilya2700"]
[Black "Malev212"]
[Result "0-1"]
[WhiteElo "2359"]
[BlackElo "2652"]
[TimeControl "180+1"]
[EndTime "14:06:09 PST"]
[Termination "Malev212 won on time"]

1. d4 g6 2. c4 Bg7 3. Nc3 c5 4.
d5 d6 5. e4 Bxc3+ 6. bxc3 e5 7. Nf3 Qe7 8. Be2 Kd8 9. h4 h6 10. Be3 Kc7 11. a4 a5 12. Qb3 Nd7 13. Rb1 f5 14. exf5 gxf5 15. Kf1 Ngf6 16. h5 f4 17. Bc1 Rg8 18. Nh4 Nf8 19. Qb6+ Kb8 20. Ba3 Ne4 21. Qb2 Ra6 22. Bd3 Ng5 23. Qb5 Ka7 24. Bf5 Qc7 25.
Bxc8 Qxc8 26. Nf5 Nd7 27. Ne7 Qc7 28. Nxg8 Ne4 29. Qb2 Rb6 30. Bb4 cxb4 31. Qc2 Nxc3 32. Rc1 Nc5 33. Ke1 N5xa4 34. Nf6 b3 0-1

[Event "Late-Titled-Tuesday-Blitz-February-27-2024"]
[Site "Chess.com"]
[Date "2024.02.27"]
[Round "1"]
[White "janhelmer03"]
[Black "MatyChess1"]
[Result "0-1"]
[WhiteElo "2364"]
[BlackElo "2655"]
[TimeControl "180+1"]
[EndTime "14:06:10 PST"]
[Termination "MatyChess1 won by resignation"]

1. d4 d5 2. c4 dxc4 3. Nf3 a6 4.
e3 b5 5. a4 Bb7 6. b3 Nf6 7.
bxc4 bxc4 8. Bxc4 e6 9. O-O Nbd7 10. Nc3 c5 11. Ba3 Rc8 12. Rb1 Bxf3 13. Qxf3 cxd4 14.
Bxf8 Kxf8 15. Bxa6 Rxc3 16. Qf4 e5 17. Qh4 h6 18. f4 Rxe3 19. fxe5 Nxe5 20. Rb4 g5 21. Qxd4 Qxd4 22. Rxd4 Kg7 23. Rd6 Ne4 24. Rd5 Nf6 25.
Rd6 Ne4 26. Rd5 Nc3 27. Rd6 Nxa4 28. Bb5 Nc5 29. Rdf6 Rb8 30. R6f2 Rxb5 0-1

[Event "Late-Titled-Tuesday-Blitz-February-27-2024"]
[Site "Chess.com"]
[Date "2024.02.27"]
[Round "1"]
[White "Ali_rastbod"]
[Black "Grindaveci"]
[Result "1-0"]
[WhiteElo "2710"]
[BlackElo "2409"]
[TimeControl "180+1"]
[EndTime "14:06:11 PST"]
[Termination "Ali_rastbod won by checkmate"]

1. Nf3 d5 2. c4 e6 3. g3 Nf6 4. Bg2 Be7 5. O-O O-O 6. b3 c5 7.
Bb2 d4 8. e3 Nc6 9. exd4 cxd4 10. Re1 Re8 11. Ne5 Nxe5 12. Rxe5 Rb8 13. d3 a6 14. Nd2 b5 15. Rc1 Bb7 16. Bxb7 Rxb7 17. Qf3 Rb8 18. a3 bxc4 19. Rxc4 Nd5 20. Re1 Nc3 21.
h4 Qd7 22. h5 h6 23. Kg2 Bf6 24. Ne4 Nxe4 25. Rxe4 Rxb3 26. Bxd4 Bxd4 27. Rexd4 Qe7 28. a4 Rd8 29. Qc6 Rxd3 30. Rxd3 Rxd3 31. Qxa6 Qd6 32. Qxd6 Rxd6 33. a5 Ra6 34. Ra4 Kf8 35. Kf3 Ke7 36.
Ke4 Kd6 37. Kd4 Kc6 38. Kc4 Kb7 39. Kb5 Rd6 40. Rc4 Rd2 41. a6+ Ka8 42. Rc8+ Ka7 43. Rc7+ Kb8 44. Rxf7 Rd5+ 45. Kb6 Rd6+ 46. Kb5 Rd5+ 47.
Kc6 Rxh5 48. Kb6 Rf5 49. Rxg7 Rf8 50. f4 h5 51. Rh7 Rd8 52. Rxh5 Rd6+ 53. Kb5 Ka7 54.
Rh7+ Ka8 55. Re7 Rd3 56. Rg7 Rd5+ 57. Kc6 Ra5 58. Kb6 Ra1 59. Rg8# 1-0

[Event "Late-Titled-Tuesday-Blitz-February-27-2024"]
[Site "Chess.com"]
[Date "2024.02.27"]
[Round "1"]
[White "stollenmonster"]
[Black "Eloist"]
[Result "1-0"]
[WhiteElo "2875"]
[BlackElo "2474"]
[TimeControl "180+1"]
[EndTime "14:06:12 PST"]
[Termination "stollenmonster won by resignation"]

1. e4 e6 2. Nc3 d5 3. g3 dxe4 4. Nxe4 Bd7 5. Bg2 Bc6 6. Kf1 Be7 7. Ne2 Nf6 8. Nxf6+ Bxf6 9. Nf4 O-O 10. d3 e5 11. Nh5 Be7 12. g4 g6 13. Ng3 Bg5 14. h4 Bxc1 15. Qxc1 Qd4 16. h5 Qxg4 17. Qh6 Qf4 18.
hxg6 Qxh6 19. gxf7+ Rxf7 20. Rxh6 Bxg2+ 21. Kxg2 Nc6 22.
Rah1 Raf8 23. Ne4 Rg7+ 24. Kf1 Rgf7 25. Rg1+ Kh8 26. c3 a5 27. Rg2 Rg7 28. Rgh2 Rgf7 29. Nc5 Nd8 30. R6h5 b6 31. Ne4 Nc6 32. Ng5 Re7 33.
Rxh7+ Rxh7 34. Rxh7+ Kg8 35. Rxc7 Rf5 36. Rxc6 Rxg5 37.
Rxb6 1-0

[Event "Late-Titled-Tuesday-Blitz-February-27-2024"]
[Site "Chess.com"]
[Date "2024.02.27"]
[Round "1"]
[White "SergioMoralesG"]
[Black "maurovargas01"]
[Result "1-0"]
[WhiteElo "2531"]
[BlackElo "1851"]
[TimeControl "180+1"]
[EndTime "14:06:12 PST"]
[Termination "SergioMoralesG won by checkmate"]

1. d4 d5 2. c4 c6 3. Nf3 e6 4.
Qc2 Nf6 5. Bg5 Be7 6. e3 O-O 7. Nc3 Nbd7 8. a3 h6 9. Bh4 Re8 10. Rc1 Bd6 11. Bd3 e5 12. dxe5 Nxe5 13. Nxe5 Bxe5 14.
cxd5 cxd5 15. Bb5 Re6 16. O-O Bxh2+ 17. Kxh2 Ng4+ 18. Kg3 Qd6+ 19. Kf3 Nh2+ 20. Ke2 Nxf1 21. Kxf1 d4 22. Ne4 Qh2 23. Bg3 Qh1+ 24. Ke2 Qxg2 25. Bd3 dxe3 26. Qxc8+ Rxc8 27. Rxc8+ Kh7 28. Ng5# 1-0

[Event "Late-Titled-Tuesday-Blitz-February-27-2024"]
[Site "Chess.com"]
[Date "2024.02.27"]
[Round "1"]
[White "Journey_to_GrandMaster_YT"]
[Black "Beca95"]
[Result "0-1"]
[WhiteElo "2496"]
[BlackElo "2924"]
[TimeControl "180+1"]
[EndTime "14:06:13 PST"]
[Termination "Beca95 won on time"]

1. d4 Nf6 2. Nf3 d5 3. c4 e6 4. Nc3 Nbd7 5. Bg5 c6 6. e3 Qa5 7.
Nd2 dxc4 8. Bxf6 Nxf6 9. Nxc4 Qc7 10. Be2 Bd6 11. Nxd6+ Qxd6 12. O-O e5 13. Qa4 exd4 14. Rad1 O-O 15. Rxd4 Qe7 16. Rfd1 Be6 17. h3 h6 18. Bf3 Rfc8 19. Ne4 Nd5 20. Ng3 a5 21. e4 Nb4 22.
Nf5 Qf6 23. Rd6 Qxb2 24. Nd4 b5 25. Nxb5 cxb5 26. Qxb5 Qxa2 27. e5 Rab8 28. Qf1 Qc4 29. Qe1 Qc3 30. Qe4 a4 31. Bg4 Qc4 32. R1d4 Qc2 33.
Qf4 Bxg4 34. Qxg4 a3 35. Rxb4 a2 36. Rxb8 a1=Q+ 37. Kh2 Rxb8 38. e6 Qe5+ 39. f4 Qxd6 40. exf7+ Kf8 41. Qf5 Qxf5 0-1

[Event "Late-Titled-Tuesday-Blitz-February-27-2024"]
[Site "Chess.com"]
[Date "2024.02.27"]
[Round "1"]
[White "Zampronha1971"]
[Black "sotochess"]
[Result "0-1"]
[WhiteElo "2341"]
[BlackElo "2639"]
[TimeControl "180+1"]
[EndTime "14:06:13 PST"]
[Termination "sotochess won by resignation"]

1. e4 d5 2. exd5 Qxd5 3. Nc3 Qa5 4. d4 c6 5. Nf3 Nf6 6. Bc4 Bg4 7.
h3 Bh5 8. g4 Bg6 9. Ne5 Nbd7 10. Qe2 Nxe5 11. dxe5 Ne4 12. Bd2 Nxd2 13. Qxd2 Qxe5+ 14. Ne2 Qe4 15. O-O-O Qxc2+ 16. Qxc2 Bxc2 17. Kxc2 e6 18. f4 b5 19. Bd3 Bb4 20. Kb1 Ke7 21. Rc1 Rac8 22. Be4 c5 23. Rhd1 h5 24. g5 g6 25.
Nc3 a6 26. Rc2 Rcd8 27. Bf3 Rxd1+ 28. Bxd1 Rd8 29. Bf3 Rd4 30. Ne2 Rd1+ 31. Rc1 Rd3 32.
Bb7 Re3 33. Nc3 Rxh3 34. Bxa6 Rf3 35. Bxb5 Rxf4 36. Rd1 Rg4 37. Rd7+ Kf8 38. Rc7 h4 39.
Bc6 h3 40. a3 Bxc3 41. bxc3 Rxg5 42. a4 h2 43. Rd7 Rd5 44. Rxd5 h1=Q+ 0-1

[Event "Late-Titled-Tuesday-Blitz-February-27-2024"]
[Site "Chess.com"]
[Date "2024.02.27"]
[Round "1"]
[White "Rawnsdale"]
[Black "Msb2"]
[Result "0-1"]
[WhiteElo "2511"]
[BlackElo "3018"]
[TimeControl "180+1"]
[EndTime "14:06:18 PST"]
[Termination "Msb2 won by resignation"]

1. e4 e6 2. d4 d5 3. e5 c5 4.
c3 Nc6 5. Nf3 Nge7 6. Bd3 cxd4 7.
cxd4 Nf5 8. Bxf5 exf5 9. O-O Be7 10. Nc3 Be6 11. a3 g5 12. b4 f4 13. Na4 b6 14. Bb2 Rc8 15. Rc1 Qd7 16. b5 Na5 17. Rxc8+ Qxc8 18. Nd2 Nc4 19. Nxc4 Qxc4 20. Nc3 O-O 21.
Qd2 Rc8 22. Rc1 Qb3 23. Qc2 Qxc2 24. Rxc2 Kf8 25. Rc1 f6 26. Ne2 Rxc1+ 27. Nxc1 Bd7 28. a4 Bf5 29. Bc3 Ba3 30. Na2 Kf7 31. exf6 Kxf6 32.
Bb4 Bb2 33. Bc3 Bb1 34. Bxb2 Bxa2 35. Bc3 Bb3 36. a5 Bc4 37. axb6 axb6 38. f3 Bxb5 39.
Kf2 Bd3 40. Ke1 Kf5 41. Kf2 Ke6 42. g3 fxg3+ 43. Kxg3 Kf5 44. Bd2 Be2 45. h3 Bd1 46.
Bc3 Ke6 47. Bd2 h6 48. f4 Kf5 49. fxg5 hxg5 50. Kf2 b5 51. Ke1 Bc2 52. Kf2 Bd3 53. Ke3 Bf1 54. Be1 Bxh3 55. Kd3 Bf1+ 56. Ke3 Bc4 57. Bd2 Kg4 58. Be1 Kh3 59. Kf3 g4+ 60.
Kf4 b4 61. Bxb4 g3 62. Be1 g2 63. Bf2 Kh2 64. Bg3+ Kh1 65. Bf2 g1=Q 66. Bxg1 Kxg1 67. Ke3 Kg2 0-1

[Event "Late-Titled-Tuesday-Blitz-February-27-2024"]
[Site "Chess.com"]
[Date "2024.02.27"]
[Round "1"]
[White "GotCheeseCheckers"]
[Black "morte-negra"]
[Result "1-0"]
[WhiteElo "2536"]
[BlackElo "2022"]
[TimeControl "180+1"]
[EndTime "14:06:18 PST"]
[Termination "GotCheeseCheckers won by resignation"]

1. e4 c5 2. Nf3 d6 3. Bb5+ Nd7 4. Ba4 a6 5. c4 e6 6. O-O Be7 7. Nc3 Nf6 8. d4 cxd4 9. Qxd4 O-O 10. Bg5 b6 11.
Rad1 Qc7 12. Bxd7 Bxd7 13. Bxf6 Bxf6 14. Qxd6 Qxd6 15. Rxd6 Bxc3 16. bxc3 Ba4 17. Rxb6 Rfc8 18. Rfb1 Rxc4 19. Rb8+ Rc8 20. Rxa8 Rxa8 21. Rb4 Be8 22.
Ne5 f6 23. Nc4 Rc8 24. f3 Bb5 25. Nd6 Rxc3 26. a4 Rc1+ 27. Kf2 Rd1 28. Nxb5 axb5 29. axb5 Rd7 30. b6 Rb7 31. Ke3 Kf7 32. Kd4 Ke7 33.
Kc5 Kd7 34. Rd4+ Kc8 35. Kc6 Re7 36. Ra4 Kb8 37. Ra7 Rxa7 38. bxa7+ Kxa7 39. Kd6 e5 40. Ke6 Kb6 41. Kf7 Kc5 42. Kxg7 1-0

[Event "Late-Titled-Tuesday-Blitz-February-27-2024"]
[Site "Chess.com"]
[Date "2024.02.27"]
[Round "1"]
[White "bancsoo"]
[Black "db-banana"]
[Result "1-0"]
[WhiteElo "2902"]
[BlackElo "2484"]
[TimeControl "180+1"]
[EndTime "14:06:19 PST"]
[Termination "bancsoo won by resignation"]

1. Nf3 Nf6 2. g3 d5 3. Bg2 c6 4. O-O Bg4 5. h3 Bh5 6. c4 e6 7. Qb3 b6 8. d4 Bd6 9. Nc3 O-O 10. Re1 Nbd7 11. e4 dxe4 12. Nxe4 Nxe4 13. Rxe4 Nf6 14. Re1 Rc8 15. Ne5 c5 16. d5 exd5 17. cxd5 Qc7 18. Nc6 Rfe8 19. Bg5 Nd7 20.
Ne7+ Kh8 21. Nxc8 Rxc8 22. Qa4 Ne5 23. Bf4 h6 24. Re3 f6 25. Rae1 Be8 26. Qc2 Bg6 27. Be4 Bxe4 28. Qxe4 Re8 29. Kg2 b5 30. Qf5 Rd8 31.
Bxe5 Bxe5 32. f4 Qd6 33. fxe5 Qxd5+ 34. Qf3 1-0

[Event "Late-Titled-Tuesday-Blitz-February-27-2024"]
[Site "Chess.com"]
[Date "2024.02.27"]
[Round "1"]
[White "korkmaz16"]
[Black "lucasmito"]
[Result "0-1"]
[WhiteElo "2473"]
[BlackElo "2857"]
[TimeControl "180+1"]
[EndTime "14:06:19 PST"]
[Termination "lucasmito won by resignation"]

1. e4 e5 2. Nf3 Nc6 3. Bc4 Nf6 4. d4 exd4 5. O-O Nxe4 6. Re1 d5 7. Bxd5 Qxd5 8. Nc3 Qa5 9. Nxe4 Be6 10. Bd2 Bb4 11. Nxd4 Nxd4 12. c3 O-O-O 13. cxb4 Qf5 14. Qa4 Kb8 15.
Bc3 Qg6 16. Nc5 Nf3+ 17. Kh1 Qh5 18. Be5 Nxe5 19. Qb5 Bd5 20. Rad1 Bc6 21. Na6+ Kc8 22. Qc5 Rxd1 0-1

[Event "Late-Titled-Tuesday-Blitz-February-27-2024"]
[Site "Chess.com"]
[Date "2024.02.27"]
[Round "1"]
[White "grzechu96"]
[Black "nicolasbatista3"]
[Result "1-0"]
[WhiteElo "2751"]
[BlackElo "2433"]
[TimeControl "180+1"]
[EndTime "14:06:20 PST"]
[Termination "grzechu96 won by resignation"]

1. e4 c6 2. d4 d5 3. e5 c5 4. dxc5 e6 5. a3 Bxc5 6. Nf3 Nc6 7. b4 Bb6 8. Bd3 Nge7 9. O-O Ng6 10. Re1 O-O 11.
Nbd2 f6 12. Bxg6 hxg6 13. Bb2 fxe5 14. Bxe5 Nxe5 15. Rxe5 Qf6 16. c4 Bd4 17. Nxd4 Qxe5 18. N2f3 Qf6 19. Qe2 Bd7 20. Ne5 Bc6 21. c5 Qh4 22.
Rd1 Rf6 23. f3 a6 24. Ng4 Ba4 25. Re1 Kh8 26. g3 Qg5 27. f4 Qh5 28. Nxf6 Qxe2 29. Rxe2 gxf6 30. Rxe6 Kg7 31. Re7+ Kh6 32. Rxb7 Re8 33. c6 Re3 34. c7 Rc3 35. Ne6 Bd7 36. Nc5 Bh3 37. Rb8 d4 38. Rh8+ Kg7 39. Rxh3 1-0

[Event "Late-Titled-Tuesday-Blitz-February-27-2024"]
[Site "Chess.com"]
[Date "2024.02.27"]
[Round "1"]
[White "ameetghasi100"]
[Black "JonasGallasch"]
[Result "1-0"]
[WhiteElo "2748"]
[BlackElo "2427"]
[TimeControl "180+1"]
[EndTime "14:06:21 PST"]
[Termination "ameetghasi100 won by resignation"]

1. b3 e5 2. Bb2 Nc6 3. e3 Nf6 4. c4 d5 5. cxd5 Nxd5 6. a3 Be7 7. b4 a6 8. Qc2 O-O 9. Nf3 Bd6 10. Bd3 h6 11. Bh7+ Kh8 12. Be4 Be6 13. g4 f6 14.
Nh4 Nce7 15. Nc3 Nxc3 16. dxc3 Bxg4 17. Rg1 Bh5 18. Bxb7 Ra7 19. Be4 c5 20. Qd3 cxb4 21. axb4 Qb6 22. Bf3 Bxf3 23. Nxf3 Rd8 24. Qe4 Qc6 25. Nd2 f5 26. Qxc6 Nxc6 27. Nc4 Bb8 28. Rg6 Rc7 29. Nb6 Ne7 30. Re6 Rc6 31. Rxc6 Nxc6 32.
Rxa6 e4 33. Nd7 Rxd7 34. Rxc6 Bxh2 35. c4 h5 36. Rh6+ Kg8 37. Rxh5 Bd6 38. c5 g6 39. Rh8+ 1-0

[Event "Late-Titled-Tuesday-Blitz-February-27-2024"]
[Site "Chess.com"]
[Date "2024.02.27"]
[Round "1"]
[White "elchacal664"]
[Black "Franmu14"]
[Result "1-0"]
[WhiteElo "2425"]
[BlackElo "2694"]
[TimeControl "180+1"]
[EndTime "14:06:22 PST"]
[Termination "elchacal664 won by resignation"]

1. Nf3 d5 2. e4 dxe4 3. Ng5 Nf6 4. Bc4 e6 5. Nc3 Be7 6. O-O c5 7. Re1 Nc6 8. a4 b6 9. Ncxe4 O-O 10. Ra3 h6 11. Nxf6+ Bxf6 12. Ne4 Nd4 13. Rh3 Bb7 14. d3 Bxe4 15. dxe4 Bg5 16. f4 Bh4 17. Rf1 Qe7 18.
Qh5 Bf6 19. c3 Nc6 20. e5 Rad8 21. exf6 Qxf6 22. f5 exf5 23. Qxf5 Qxf5 24. Rxf5 Na5 25. Bd5 g6 26. Re5 Rfe8 27. Rxe8+ Rxe8 28. Bxh6 Re2 29. Bg5 Kg7 30. Rf3 f5 31. Re3 Rd2 32. Re7+ Kf8 33.
Rf7+ Ke8 34. Bxd2 1-0

[Event "Late-Titled-Tuesday-Blitz-February-27-2024"]
[Site "Chess.com"]
[Date "2024.02.27"]
[Round "1"]
[White "Evandro_Barbosa"]
[Black "OverallStranger"]
[Result "1-0"]
[WhiteElo "2668"]
[BlackElo "2378"]
[TimeControl "180+1"]
[EndTime "14:06:22 PST"]
[Termination "Evandro_Barbosa won by resignation"]

1. d4 Nf6 2. Nf3 g6 3. g3 Bg7 4. Bg2 O-O 5. O-O c5 6. d5 d6 7.
c4 b5 8. cxb5 a6 9. bxa6 Bxa6 10. Nc3 Nbd7 11. Qc2 Qa5 12. Rb1 Bb7 13. Nh4 Nb6 14.
Rd1 Rab8 15. b3 Qa8 16. e4 Nfd7 17. a4 Ba6 18. Bb2 Rb7 19. Nb5 Bxb5 20. axb5 Qa5 21.
Bxg7 Kxg7 22. Bf1 Nc8 23. b4 cxb4 24. Qb2+ Kg8 25. Qxb4 Qb6 26. Rdc1 Nc5 27. Nf3 Na7 28. Nd2 Rfb8 29. Qa3 Qc7 30. e5 Nxb5 31. Qe3 Na7 32. Rxb7 Rxb7 33. Ne4 Qd8 34. Nxc5 dxc5 35. Qxc5 Rd7 36.
Bg2 Kg7 37. h4 h5 38. Kh2 Qb8 39. e6 fxe6 40. dxe6 Rd6 41. Qe5+ Kh7 42. Be4 Qg8 43.
Qxh5+ Kg7 44. Qxg6+ Kf8 45. Qxg8+ Kxg8 46. Rc7 Rxe6 47.
Bd5 1-0

[Event "Late-Titled-Tuesday-Blitz-February-27-2024"]
[Site "Chess.com"]
[Date "2024.02.27"]
[Round "1"]
[White "Hamisandwich"]
[Black "SilverSwords13"]
[Result "0-1"]
[WhiteElo "2759"]
[BlackElo "2462"]
[TimeControl "180+1"]
[EndTime "14:06:31 PST"]
[Termination "SilverSwords13 won by resignation"]

1. c4 e6 2. Nf3 d5 3. g3 Nf6 4.
Bg2 d4 5. O-O c5 6. b4 cxb4 7.
a3 Nc6 8. Qa4 Bd7 9. Bb2 Ne5 10.
Qb3 Nxf3+ 11. Bxf3 bxa3 12. Bxd4 Bc6 13. Bxc6+ bxc6 14.
e3 Be7 15. Nxa3 O-O 16. Qa4 Qc7 17. Nc2 c5 18. Bc3 Ne4 19. Ba5 Qd6 20. d4 cxd4 21.
exd4 Rfc8 22. Rfe1 Ng5 23. Re3 h5 24. h4 Nh7 25.
Bb4 Qd8 26. Bxe7 Qxe7 27. d5 Nf8 28. Nd4 Qc5 29. Nc6 Ng6 30. Rd1 exd5 31. cxd5 Re8 32.
Rxe8+ Rxe8 33. Qxa7 Qc2 34. Qd4 Re4 35. Qd3 Re1+ 36. Kg2 Qxd1 0-1

[Event "Late-Titled-Tuesday-Blitz-February-27-2024"]
[Site "Chess.com"]
[Date "2024.02.27"]
[Round "1"]
[White "yaguigor"]
[Black "jaramsdal"]
[Result "1-0"]
[WhiteElo "2626"]
[BlackElo "2304"]
[TimeControl "180+1"]
[EndTime "14:06:32 PST"]
[Termination "yaguigor won by resignation"]

1. Nf3 d5 2. d4 Nf6 3. c4 e6 4.
Nc3 dxc4 5. e3 a6 6. Bxc4 b5 7.
Bd3 Bb7 8. O-O Nbd7 9. Qe2 c5 10.
Rd1 Be7 11. b3 O-O 12. Bb2 Qb8 13. Rac1 Qa7 14. Ne5 Rfd8 15. Nxd7 Rxd7 16. dxc5 Bxc5 17. Nxb5 axb5 18. Bxf6 Rxd3 19. Rxd3 gxf6 20. Qg4+ Kh8 21. Qh4 Kg7 22. Rd7 Bxe3 23. Qg3+ Bg5 24. h4 Qa3 25.
Rf1 Bc6 26. Rdd1 h6 27. hxg5 hxg5 28. Qd6 Bd5 29. Qxa3 Rxa3 30. Rd2 f5 31. Rc1 Kf6 32. Rc5 Ke5 33. Rxb5 Ke4 34. Rb4+ Ke5 35. Ra4 Rxa4 36.
bxa4 Bc6 37. a5 Bb5 38. a4 Bxa4 39. a6 Bc6 40. a7 Bb7 41. Rb2 Bc6 42. Rb8 1-0